 Dungeon Crawl Stone Soup version 0.31-a0-38-g1548c4f2a5 (webtiles) character file.

Game seed: 7515168765726600780

8817 pk666 the Thaumaturge (level 11, -2/54 HPs)
             Began as a Deep Elf Fire Elementalist on May 16, 2023.
             Was a Believer of Vehumet.
             Slain by a six-headed hydra (7 damage)
             ... on level 10 of the Dungeon.
             The game lasted 00:27:48 (8383 turns).

pk666 the Thaumaturge (Deep Elf Fire Elementalist)  Turns: 8383, Time: 00:27:49

Health: -2/54      AC: 12    Str:  5    XL:     11   Next: 14%
Magic:  15/28      EV: 17    Int: 25    God:    Vehumet [**....]
Gold:   630        SH:  0    Dex: 15    Spells: 23/33 levels left

rFire   + . .        r - +3 dagger
rCold   + . .        (no shield)
rNeg    . . .        j - +0 robe {rC+ rF+}
rPois   .            (no helmet)
rElec   .            G - +0 cloak
rCorr   .            (no gloves)
SInv    .            w - +0 pair of boots
Will    +....        f - amulet of magic regeneration
Stlth   ++           l - +4 ring of protection
HPRegen 0.29/turn    I - +4 ring of protection
MPRegen 0.61/turn

%: no passive effects
@: no status effects
A: no striking features
a: Renounce Religion


You were on level 10 of the Dungeon.
You worshipped Vehumet.
Vehumet was pleased with you.
You visited 2 branches of the dungeon, and saw 11 of its levels.
You also visited: Sewer.

You collected 630 gold pieces.

Inventory:

Hand Weapons
 r - a +3 dagger (weapon)
Missiles
 F - 3 throwing nets
Armour
 j - a +0 robe of resistance (worn)
 w - a +0 pair of boots (worn)
 G - a +0 cloak (worn)
Jewellery
 d - a ring of ice
 f - an amulet of magic regeneration (around neck)
 k - a ring of protection from cold
 l - a +4 ring of protection (left hand)
 q - a ring of positive energy
 I - a +4 ring of protection (right hand)
 J - a ring of see invisible
 L - an amulet of the acrobat
 M - a ring of ice
 N - a ring of resist corrosion
 O - an amulet of faith
Wands
 z - a wand of quicksilver (20)
 E - a wand of flame (1)
 R - a wand of polymorph (2)
 S - a wand of charming (5)
Scrolls
 g - a scroll of torment {unknown}
 h - 5 scrolls of identify
 n - 3 scrolls of teleportation {unknown}
 o - a scroll of enchant weapon {unknown}
 p - a scroll of noise {unknown}
 x - a scroll of immolation {unknown}
 y - 2 scrolls of enchant armour {unknown}
 B - a scroll of poison {unknown}
 C - 3 scrolls of fear
 D - 2 scrolls of fog {unknown}
 H - a scroll of blinking {unknown}
 K - 2 scrolls of amnesia {unknown}
Potions
 a - 2 potions of degeneration {unknown}
 b - 2 potions of magic
 c - 4 potions of curing {unknown}
 e - 3 potions of heal wounds
 i - 2 potions of mutation {unknown}
 m - 3 potions of lignification {unknown}
 s - 3 potions of cancellation {unknown}
 t - 6 potions of might {unknown}
 u - a potion of haste
 v - 2 potions of brilliance {unknown}
 A - 2 potions of ambrosia {unknown}
 Q - a potion of berserk rage {unknown}


   Skills:
 + Level 10.6 Dodging
 - Level 2.4 Stealth
 + Level 11.7 Spellcasting
 + Level 9.5 Conjurations
 + Level 10.1 Fire Magic
 - Level 2.0 Poison Magic


You had 23 spell levels left.
You knew the following spells:

 Your Spells              Type           Power      Damage    Failure   Level
a - Foxfire               Conj/Fire      100%       2x1d9     1%          1
b - Scorch                Fire           100%       2d9       1%          2
c - Flame Wave            Conj/Fire      59%        2d14      1%          4
d - Mephitic Cloud        Conj/Pois/Air  33%        N/A       2%          3

Your spell library contained the following spells:

 Spells                   Type           Power      Damage    Failure   Level
 Poisonous Vapours        Pois/Air       38%        N/A       4%          2
 Magic Dart               Conj           100%       1d8       1%          1
 Shock                    Conj/Air       100%       1d9       1%          1
 Static Discharge         Conj/Air       76%        2-6/arc   1%          2
 Inner Flame              Hex/Fire       39%        N/A       1%          3
 Volatile Blastmotes      Fire/Tloc      78%        2d16      1%          3
 Slow                     Hex            56%        N/A       4%          1
 Call Imp                 Summ           28%        N/A       6%          2
 Airstrike                Air            7%         2d(1-17)  38%         4
 Summon Lightning Spire   Summ/Air       14%        N/A       38%         4


Dungeon Overview and Level Annotations

Branches:
Dungeon (10/15)            Temple (1/1) D:7           Sewer (visited)
   Lair: D:8-11         Orc: D:9-12

Altars:
Ashenzari
Cheibriados
Dithmenos
Elyvilon
Fedhas
Gozag
Kikubaaqudgha
Makhleb
Nemelex Xobeh
Okawaru
Qazlal
Ru
Sif Muna
Trog
Uskayaw
Vehumet
Wu Jian
Xom
Yredelemnul
Zin
The Shining One

Annotations:
D:3 3 runed translucent doors, Klosterheim's ghost, amateur DrRe; alfthe's ghost, amateur OpBr; pk666's ghost, amateur DEFE; pk666's ghost, weakling DEHW


Message History

The wight barely misses you.
A wave of flame ripples out!
The flame wave engulfs the wight!
You destroy the wight!
Vehumet accepts your kill.
You feel your power returning.
The flame wave engulfs the six-headed hydra!!
The six-headed hydra is heavily wounded.
The flame wave engulfs the wight!
The wight is burned terribly!
You destroy the wight!
Vehumet accepts your kill.
You feel your power returning.
The six-headed hydra closely misses you.
The six-headed hydra bites you! x2
The six-headed hydra closely misses you.
The six-headed hydra bites you but does no damage.
The six-headed hydra bites you!
A wight comes into view.
It is wielding a +2 short sword of freezing.
A wave of flame ripples out!
The flame wave engulfs the six-headed hydra!!
The six-headed hydra is almost dead.
The flame wave engulfs the wight!!
You destroy the wight!
Vehumet accepts your kill.
You finish channelling waves of flame.
The six-headed hydra bites you.
The six-headed hydra closely misses you.
The six-headed hydra completely misses you.
The six-headed hydra bites you!
* * * LOW HITPOINT WARNING * * *
The six-headed hydra bites you but does no damage. x2
You are too injured to fight recklessly!
Casting: Flame Wave (dangerous; 1% risk of failure)
Confirm with . or Enter, or press ? or * to list all spells.
Flames lash the six-headed hydra.
The six-headed hydra is almost dead.
The six-headed hydra's fire resistance burns away.
The six-headed hydra bites you.
* * * LOW HITPOINT WARNING * * *
The six-headed hydra misses you. The six-headed hydra barely misses you.
The six-headed hydra bites you!
You die...

##### ########
...[# #####......#
....# #...'......#
....###.##......@#
....+...##.....)D#
......####.......)
......# #.......##
......# #.......#
..#...# #..##...#
.....## #..##.###
#.....# #. .P
#.....##


You could see a six-headed hydra (combustible).

Vanquished Creatures
  Erolcha (D:9)
  Pikel (D:7)
  Maurice (D:10)
  Maggie (D:6)
  A troll (D:9)
  A shadow (D:8)
  Sigmund (D:2)
  12 yaks
  A steam dragon (D:7)
  Menkaure (D:4)
  4 water moccasins
  5 orc warriors
  A black bear (D:5)
  2 ice beasts (D:7)
  2 sky beasts
  An ogre (D:6)
  A centaur (D:6)
  3 phantoms
  3 lemures
  6 kobold brigands
  3 gnoll sergeants
  2 bullfrogs (D:6)
  3 scorpions
  14 wights
  5 killer bees (D:9)
  A howler monkey (D:8)
  Crazy Yiuf (D:6)
  6 orc priests
  A gnoll bouda (D:9)
  2 sleepcaps
  2 iguanas
  7 orc wizards
  24 gnolls
  9 adders
  9 river rats
  2 white imps (D:6)
  3 ufetubi
  A worm (D:3)
  2 dart slugs
  35 orcs
  3 endoplasms
  5 giant cockroaches
  2 hobgoblins (D:4)
  7 jackals (D:1)
  4 quokkas
  8 ball pythons
  4 bats
  8 frilled lizards
  6 goblins
  42 kobolds
  17 rats
287 creatures vanquished.

Vanquished Creatures (collateral kills)
  7 foxfires (D:3)
7 creatures vanquished.

Vanquished Creatures (others)
  A human (D:4)
  554 foxfires
555 creatures vanquished.

Grand Total: 849 creatures vanquished

Notes
Turn   | Place    | Note
-------+----------+-------------------------------------------
     0 | D:1      | pk666 the Deep Elf Fire Elementalist began the quest for
                  | the Orb.
     0 | D:1      | Reached XP level 1. HP: 10/10 MP: 6/6
    80 | D:1      | You fall into a shaft and drop 1 floor!
   136 | D:1      | Reached XP level 2. HP: 15/15 MP: 4/8
   174 | D:1      | Learned a level 2 spell: Scorch
   479 | D:1      | Reached XP level 3. HP: 19/19 MP: 5/10
   751 | D:2      | Noticed Sigmund
   785 | D:2      | Found a white marble altar of Elyvilon.
  1005 | D:2      | Killed Sigmund
  1006 | D:2      | Reached skill level 4 in Spellcasting
  1006 | D:2      | Reached XP level 4. HP: 5/24 MP: 1/12
  1006 | D:2      | Reached XP level 5. HP: 6/28 MP: 1/14
  1338 | D:3      | Found a sparkling altar of Nemelex Xobeh.
  1574 | D:3      | Reached skill level 5 in Spellcasting
  1574 | D:3      | Reached XP level 6. HP: 32/32 MP: 13/15
  1655 | D:3      | Found a runed translucent gate.
  1655 | D:3      | Noticed pk666's ghost (weakling DEHW)
  1656 | D:3      | Found a runed translucent gate.
  1656 | D:3      | Found a runed translucent gate.
  1657 | D:3      | Noticed alfthe's ghost (amateur OpBr)
  1657 | D:3      | Noticed pk666's ghost (amateur DEFE)
  1657 | D:3      | Noticed Klosterheim's ghost (amateur DrRe)
  1800 | D:3      | Found an iron altar of Okawaru.
  1806 | D:3      | Found a glowing silver altar of Zin.
  2431 | D:4      | Found a glowing drain.
  2492 | Sewer    | Entered a sewer
  2565 | Sewer    | Learned a level 4 spell: Flame Wave
  2673 | Sewer    | Reached skill level 5 in Fire Magic
  2841 | Sewer    | Reached skill level 5 in Dodging
  2841 | Sewer    | Reached XP level 7. HP: 27/36 MP: 4/17
  3179 | D:4      | Noticed Menkaure
  3186 | D:4      | Killed Menkaure
  3187 | D:4      | Reached skill level 6 in Spellcasting
  3538 | D:4      | Found a snail-covered altar of Cheibriados.
  3546 | D:4      | Found a blossoming altar of Fedhas.
  3718 | D:4      | Found an ancient bone altar of Kikubaaqudgha.
  3722 | D:4      | Noticed a human
  3725 | D:4      | Killed a human
  3898 | D:5      | Entered Level 5 of the Dungeon
  4026 | D:5      | Found a shadowy altar of Dithmenos.
  4141 | D:5      | Reached skill level 5 in Conjurations
  4141 | D:5      | Reached XP level 8. HP: 40/41 MP: 16/20
  4380 | D:5      | Learned a level 3 spell: Mephitic Cloud
  4448 | D:6      | Reached skill level 7 in Spellcasting
  4452 | D:6      | Reached skill level 1 in Poison Magic
  4823 | D:6      | HP: 1/41 [poisoned by a water moccasin]
  4831 | D:6      | Reached skill level 8 in Spellcasting
  4849 | D:6      | Reached XP level 9. HP: 8/45 MP: 14/23
  5022 | D:6      | Found a runed translucent door.
  5023 | D:6      | Noticed Crazy Yiuf
  5073 | D:6      | Noticed Maggie
  5080 | D:6      | Killed Maggie
  5454 | D:6      | Killed Crazy Yiuf
  5630 | D:7      | Noticed Pikel
  5631 | D:7      | Reached skill level 9 in Spellcasting
  5934 | D:7      | Killed Pikel
  6026 | D:7      | Found a staircase to the Ecumenical Temple.
  6090 | Temple   | Entered the Ecumenical Temple
  6097 | Temple   | Became a worshipper of Vehumet
  6206 | D:7      | Reached XP level 10. HP: 34/50 MP: 15/25
  6587 | D:8      | Reached skill level 10 in Spellcasting
  6783 | D:8      | Identified the +2 leather armour of Gestures {Str+4}
  6899 | D:8      | Reached * piety under Vehumet
  6899 | D:8      | Offered knowledge of Freeze by Vehumet.
  7497 | D:9      | Reached skill level 10 in Dodging
  7497 | D:9      | Reached skill level 11 in Spellcasting
  7676 | D:9      | Found a bloodstained altar of Trog.
  7729 | D:9      | Noticed Erolcha
  7756 | D:9      | Killed Erolcha
  7757 | D:9      | Reached XP level 11. HP: 46/54 MP: 16/28
  7857 | D:9      | Identified the +1 ring mail of Summertime {+Blink}
  7881 | D:9      | Offered knowledge of Poisonous Vapours by Vehumet.
  7894 | D:9      | Reached ** piety under Vehumet
  7989 | D:9      | Found a shimmering blue altar of Sif Muna.
  7997 | D:9      | Got Sif Muna's Grimoire of Feathers
  7999 | D:9      | Got Sif Muna's Writings on Ensorcelling
  8256 | D:9      | Reached skill level 10 in Fire Magic
  8285 | D:10     | Entered Level 10 of the Dungeon
  8363 | D:10     | Noticed Maurice
  8373 | D:10     | Noticed a six-headed hydra
  8376 | D:10     | Killed Maurice
  8383 | D:10     | Slain by a six-headed hydra

Illustrated notes

Levels and vault maps discovered:
D:1:      tarquinn_simple_flora_water_c, layout_rooms
D:2:      layout_rooms, basic_altar, uniq_sigmund
D:3:      layout_loops_ring, nemelex_xobeh_ov_fountains_minmay,
          nicolae_overflow_hidden_temple, gammafunk_ghost_cemetery,
          serial_bayou_lagoon_b
D:4:      layout_loops_ring, amethyst_overflow_temple_binary, tgw_kikubaaqudgha,
          portal_sewer_entry_a, hangedman_decor_peaks_small,
          minmay_misc_feat_nine_boxes, uniq_menkaure
D:5:      layout_rooms, mainiacjoe_overflow_concentric_impassable
D:6:      layout_basic, uniq_maggie, uniq_crazy_yiuf_cottage
D:7:      layout_cave_pools, minmay_temple_entry_antechambers, uniq_pikel
D:8:      layout_loops_cross
D:9:      layout_roguey, trog_butcher_becter, nicolae_sif_muna_little_library,
          minmay_misc_feat_pillars, uniq_erolcha
D:10:     layout_roguey, general_overflow_altar, david_orc_3,
          skrybe_limestone_x, minmay_misc_feat_square, kennysheep_flooded_box,
          hellmonk_guarded_unrand_vines, uniq_maurice
Temple:   nicolae_temple_x_marks_the_god

Skill      XL: |  1  2  3  4  5  6  7  8  9 10 11 |
---------------+----------------------------------+-----
Dodging        | 3 4 5 6 7 8 10 | 10.6
Conjurations   | 3 4 5 6 7 9 |  9.5
Spellcasting   | 4 5 6 8 9 11 | 11.7
Fire Magic     | 4 5 6 7 8 9 10 | 10.1
Poison Magic   | 2 |  2.0
Stealth        | |  2.4

Action                     |  1- 3 |  4- 6 |  7- 9 | 10-12 || total
---------------------------+-------+-------+-------+-------++-------
   Cast: Foxfire           |    53 |    91 |   111 |    75 ||   330
         Scorch            |     2 |    26 |   114 |   107 ||   249
         Flame Wave        |       |       |     8 |     7 ||    15
         Mephitic Cloud    |       |       |     7 |    20 ||    27
  Evoke: Wand              |       |       |       |     1 ||     1
    Use: Potion            |       |       |     4 |       ||     4
         Scroll            |       |       |     2 |       ||     2
 Armour: Robe              |     6 |    11 |    13 |    12 ||    42
  Dodge: Dodged            |    15 |    11 |    59 |    61 ||   146

Table legend: (Time is in decaauts)
 A = Elapsed time spent in this place.
 B = Non-inter-level travel time spent in this place.
 C = Inter-level travel time spent in this place.
 D = Time resting spent in this place.
 E = Time spent auto-exploring this place.
 F = Levels seen in this place.
 G = Mean time per level.
                   A        B        C        D        E       F      G
               +--------+--------+--------+--------+--------+-----+--------+
         Total |   8406 |   8085 |    321 |   1398 |   4868 |  12 |  700.5 |
       Dungeon |   7652 |   7339 |    313 |   1298 |   4447 |  10 |  765.2 |
        Temple |     68 |     60 |      8 |      0 |     50 |   1 |   68.0 |
         Sewer |    685 |    685 |      0 |    100 |    371 |   1 |  685.0 |
               +--------+--------+--------+--------+--------+-----+--------+

Top non-repeatable levels by time:
     D:6: 1229 daAuts
     D:3: 981 daAuts
     D:4: 938 daAuts
     D:9: 924 daAuts
     D:8: 838 daAuts
     D:7: 808 daAuts
     D:1: 761 daAuts
   Sewer: 685 daAuts
     D:2: 568 daAuts
     D:5: 503 daAuts
    D:10: 97 daAuts
  Temple: 68 daAuts
